 Dungeon Crawl Stone Soup version 0.27-a0-1026-gbab068f60c (webtiles) character file.

Game seed: 18305602292796727122

170 Morbidden the Grave Robber (level 5, -7/45 HPs)
             Began as a Deep Dwarf Necromancer on Apr 17, 2021.
             Mangled by Terence
             ... wielding a +0 hand axe
              (11 damage)
             ... on level 2 of the Dungeon.
             The game lasted 00:02:11 (1095 turns).

Morbidden the Grave Robber (Deep Dwarf Necromancer) Turns: 1095, Time: 00:02:12

Health: -7/45      AC:  2    Str: 12    XL:     5   Next: 26%
Magic:  2/8        EV: 12    Int: 16    God:
Gold:   22         SH:  0    Dex: 13    Spells: 5/9 levels left

rFire    . . .     SeeInvis .   e - +0 whip (elec)
rCold    . . .     Faith    .   (no shield)
rNeg     . . .     Spirit   .   a - +0 robe
rPois    .         Reflect  .   (no helmet)
rElec    .         Harm     .   (no cloak)
rCorr    .         Rampage  .   (no gloves)
Will     .....                  (no boots)
Stlth    ++........             (no amulet)
HPRegen  0.00/turn              (no ring)
MPRegen  0.11/turn              (no ring)

@: non-regenerating
A: damage resistance, heal wounds, sense surroundings 1, no regeneration
a: Heal Wounds


You were on level 2 of the Dungeon.
You visited 1 branch of the dungeon, and saw 2 of its levels.

You collected 22 gold pieces.

Inventory:

Hand Weapons
 e - a +0 whip of electrocution (weapon)
Missiles
 b - 8 poisoned darts (quivered)
Armour
 a - a +0 robe (worn)
 g - a +0 plate armour
Scrolls
 c - 2 scrolls of identify {unknown}
 d - a scroll of amnesia {unknown}
 f - a scroll of vulnerability {unknown}


   Skills:
 * Level 1.6 Fighting
 + Level 0.4 Throwing
 + Level 2.4 Dodging
 + Level 2.4 Stealth
 * Level 2.5 Spellcasting
 * Level 6.1 Necromancy


You had 5 spell levels left.
You knew the following spells:

 Your Spells              Type           Power      Damage    Failure   Level
a - Pain                  Necr           84%        1d8       1%          1
b - Vampiric Draining     Necr           10%        2d7       4%          3

Your spell library contained the following spells:

 Spells                   Type           Power      Damage    Failure   Level
 Animate Skeleton         Necr           42%        N/A       1%          1
 Animate Dead             Necr           10%        N/A       16%         4
 Agony                    Necr           21%        N/A       41%         5


Dungeon Overview and Level Annotations

Branches:
Dungeon (2/15)

Altars:

Annotations:
D:2 Terence


Innate Abilities, Weirdness & Mutations

You are resistant to damage.
You can heal yourself by infusing magical energy.
You passively map a small area around you.
You do not regenerate.


Message History

Unknown command.
Unknown command.
The bat closely misses you.
Terence drinks a potion.
Terence goes berserk!
The bat closely misses you. The bat hits you.
Unknown command.
Unknown command.
Casting: Pain (safe; 1% risk of failure)
Confirm with . or Enter, or press ? or * to list all spells.
Aiming: Vampiric Draining (dangerous; 4% risk of failure)
Press: ? - help, Shift-Dir - straight line, f - bat, p - Terence
Aim: a bat You draw life force from the bat!
You kill the bat!
You feel life coursing into your body.
You kill the ball python!
Terence hits you with a +0 hand axe!
* * * LOW HITPOINT WARNING * * *
Casting: Vampiric Draining (dangerous; 4% risk of failure)
Confirm with . or Enter, or press ? or * to list all spells.
Aiming: Vampiric Draining (dangerous; 4% risk of failure)
Press: ? - help, Shift-Dir - straight line, f - Terence
Aim: Terence, wielding a +0 hand axe and wearing a +0 scale mail (moderately wounded, berserk, poisoned)
You draw life force from Terence.
You feel life coursing into your body. Terence hits you with a +0 hand axe!
* * * LOW HITPOINT WARNING * * *
Unknown command.
Casting: Vampiric Draining (dangerous; 4% risk of failure)
Confirm with . or Enter, or press ? or * to list all spells.
You don't have enough magic to cast this spell.
Unknown command.
Unknown command.
Unknown command.
Unknown command.
Terence hits you with a +0 hand axe. The ball python barely misses you.
The ball python grabs you. The ball python constricts you.
You escape the ball python's grasp.
Terence looks more healthy.
Terence closely misses you. Terence hits you with a +0 hand axe!
You die...

* ,* #..... , * #...(. *
, , #..... ##############
#.....
#............#######...#.
*
#............##.#......#.
#......................#.
#.....S@@..............#.
###....##.....#..........
#....##.###.........#.#
#....##.#####.##.####.. *
#....##.., #....# ##.
,,#..†.##.#* #.#### #) ,
, #....##.##.##.# #. ,
,,#..<........... ..
#........#### #.


You could see Terence (berserk) and a ball python.

Vanquished Creatures
  Sigmund (D:2)
  2 adders (D:2)
  2 endoplasms
  3 goblins
  A ball python (D:2)
  4 bats
  A kobold (D:1)
  2 rats (D:1)
16 creatures vanquished.

Notes
Turn   | Place    | Note
-------+----------+-------------------------------------------
     0 | D:1      | Morbidden the Deep Dwarf Necromancer began the quest for
                  | the Orb.
     0 | D:1      | Reached XP level 1. HP: 15/15 MP: 3/3
   408 | D:1      | Found a faded altar of an unknown god.
   766 | D:2      | Reached XP level 2. HP: 24/24 MP: 2/4
   789 | D:2      | Noticed Terence
   797 | D:2      | Noticed Sigmund
   807 | D:2      | Killed Sigmund
   808 | D:2      | Reached skill level 1 in Fighting
   808 | D:2      | Reached skill level 6 in Necromancy
   808 | D:2      | Reached XP level 3. HP: 6/31 MP: 4/6
   808 | D:2      | Reached XP level 4. HP: 7/38 MP: 4/7
   808 | D:2      | Reached XP level 5. HP: 9/44 MP: 4/8
   818 | D:2      | Learned a level 3 spell: Vampiric Draining
  1095 | D:2      | Mangled by Terence

Illustrated notes

Levels and vault maps discovered:
D:1:      saegor_arrival_simple_d, layout_basic, ebering_ecumenical_altar_rust,
          grunt_decor_arrowhead
D:2:      layout_basic, basic_altar, serial_shops, shop, uniq_terence,
          uniq_sigmund

Skill      XL: |  1  2 |
---------------+-------+-----
Fighting       | 1 |  1.6
Spellcasting   | 2 |  2.5
Necromancy     | 6 |  6.1
Throwing       | |  0.4
Dodging        | |  2.4
Stealth        | |  2.4

Action                   |  1- 3 |  4- 6 || total
-------------------------+-------+-------++-------
Melee: Whip              |     3 |     2 ||     5
Throw: Dart              |     9 |     3 ||    12
 Cast: Pain              |    10 |     2 ||    12
       Vampiric Draining |       |     6 ||     6
Armor: Robe              |       |     1 ||     1
Dodge: Dodged            |     3 |     7 ||    10

Table legend: (Time is in decaauts)
 A = Elapsed time spent in this place.
 B = Non-inter-level travel time spent in this place.
 C = Inter-level travel time spent in this place.
 D = Time resting spent in this place.
 E = Time spent auto-exploring this place.
 F = Levels seen in this place.
 G = Mean time per level.
                   A        B        C        D        E       F      G
               +--------+--------+--------+--------+--------+-----+--------+
         Total |   1096 |   1075 |     21 |    177 |    723 |   2 |  548.0 |
       Dungeon |   1096 |   1075 |     21 |    177 |    723 |   2 |  548.0 |
               +--------+--------+--------+--------+--------+-----+--------+

Top non-repeatable levels by time:
     D:1: 942 daAuts
     D:2: 153 daAuts
